TOP OF THE 1ST |
Cincinnati Reds batting - Pitching for Minnesota Twins : LHP Adam Wood
|
Pitching: LHP Adam Wood
|
|
Batting: RHB Willie Lazcano
|
0-0: Ball 1-0: Swinging Strike 1-1: Fly out, F9 (Line Drive, 89S, EV 98.1 MPH)
|
Batting: LHB Sean Geisler
|
0-0: Fly out, F8 (Line Drive, 8LM, EV 91.2 MPH)
|
Batting: RHB Bruno André
|
0-0: Ball 1-0: Ground out 5-3 (Groundball, 56, EV 96.2 MPH)
|
Top of the 1st over - 0 runs, 0 hits, 0 errors, 0 left on base; Cincinnati 0 - Minnesota 0 |
BOTTOM OF THE 1ST |
Minnesota Twins batting - Pitching for Cincinnati Reds : LHP Dave Rivera
|
Pitching: LHP Dave Rivera
|
|
Batting: RHB Jesse Scott
|
0-0: Ball 1-0: Called Strike 1-1: Swinging Strike 1-2: Ball 2-2: Strikes out looking
|
Batting: LHB Joel Kunkler
|
0-0: Ball 1-0: Swinging Strike 1-1: Fly out, F8 (Flyball, 89M, EV 86.2 MPH)
|
Batting: RHB Hildo Pot
|
0-0: Called Strike 0-1: Ball 1-1: Foul Ball, location: 2F 1-2: Fly out, F7 (Flyball, 7, EV 82.5 MPH)
|
Bottom of the 1st over - 0 runs, 0 hits, 0 errors, 0 left on base; Cincinnati 0 - Minnesota 0 |
TOP OF THE 2ND |
Cincinnati Reds batting - Pitching for Minnesota Twins : LHP Adam Wood
|
Batting: SHB Saulo Maina
|
0-0: Called Strike 0-1: SINGLE (Line Drive, 9S, EV 107.5 MPH)
|
Batting: RHB Fred Slade
|
0-0: Swinging Strike 0-1: DOUBLE (Line Drive, 9LM, EV 103.8 MPH) Saulo Maina to third Runner from 3rd tries for Home, SAFE, no throw by RF
|
Batting: LHB Jon Ledesma
|
0-0: Foul Ball, location: 2F 0-1: Ball 1-1: Ground out 4-3 (Groundball, 34D, EV 106.2 MPH) Fred Slade to third
|
Batting: RHB Joseph Kirchmann
|
0-0: Called Strike 0-1: Ball 1-1: Foul Ball, location: 2F 1-2: Fly out, F4 (Popup, 34S, EV 76.2 MPH)
|
Batting: RHB Omar Quintana
|
0-0: Ball 1-0: Ball 2-0: Called Strike 2-1: Ball 3-1: Base on Balls
|
Batting: LHB Satoru Handa
|
0-0: Called Strike 0-1: Ground out 4-3 (Groundball, 4, EV 84.4 MPH)
|
Top of the 2nd over - 1 run, 2 hits, 0 errors, 2 left on base; Cincinnati 1 - Minnesota 0 |
BOTTOM OF THE 2ND |
Minnesota Twins batting - Pitching for Cincinnati Reds : LHP Dave Rivera
|
Batting: RHB Danny Miramontes
|
0-0: Ball 1-0: Foul Ball, location: 2F 1-1: Ball 2-1: Ball 3-1: SINGLE (Groundball, 34D, EV 105.0 MPH)
|
Batting: RHB Matthew Starr
|
0-0: Ball 1-0: Called Strike 1-1: Called Strike 1-2: Ball 2-2: Foul Ball, location: 2F 2-2: Grounds into double play, 6-4-3 (Groundball, 6, EV 86.9 MPH)
|
Batting: RHB José Molina
|
0-0: Hit by Pitch
|
Batting: RHB Väinö Tapaninen
|
0-0: Called Strike José Molina steals 2nd base 0-1: Ball 1-1: Called Strike 1-2: Ball 2-2: Ball 3-2: Strikes out swinging
|
Bottom of the 2nd over - 0 runs, 1 hit, 0 errors, 1 left on base; Cincinnati 1 - Minnesota 0 |
TOP OF THE 3RD |
Cincinnati Reds batting - Pitching for Minnesota Twins : LHP Adam Wood
|
Batting: RHB Willie Lazcano
|
0-0: Swinging Strike 0-1: Ball 1-1: Ball 2-1: Ground out 4-3 (Groundball, 4M, EV 81.9 MPH)
|
Batting: LHB Sean Geisler
|
0-0: Swinging Strike 0-1: Ball 1-1: Ball 2-1: Foul Ball, location: 2F 2-2: Strikes out swinging
|
Batting: RHB Bruno André
|
0-0: Ball 1-0: Swinging Strike 1-1: SINGLE (Line Drive, 8LS, EV 101.2 MPH)
|
Batting: SHB Saulo Maina
|
0-0: Ball Bruno André is caught stealing 2nd base 2-4
|
Top of the 3rd over - 0 runs, 1 hit, 0 errors, 0 left on base; Cincinnati 1 - Minnesota 0 |
BOTTOM OF THE 3RD |
Minnesota Twins batting - Pitching for Cincinnati Reds : LHP Dave Rivera
|
Batting: RHB Mike Quackenbush
|
0-0: Ball 1-0: Called Strike 1-1: Foul Ball, location: 2F 1-2: Ball 2-2: Ball 3-2: SINGLE (Line Drive, 9LM, EV 95.0 MPH)
|
Batting: RHB Yonetoshi Muranaka
|
0-0: Ball 1-0: Ball 2-0: SINGLE (Groundball, P, EV 91.9 MPH) (infield hit) Mike Quackenbush to second
|
Batting: RHB Jesse Scott
|
0-0: Ball 1-0: Called Strike 1-1: Fly out, F7 (Flyball, 78XD, EV 97.5 MPH) Runner from 2nd tags up, SAFE at 3rd, no throw by LF
|
Batting: LHB Joel Kunkler
|
0-0: Called Strike 0-1: Ball 1-1: Called Strike 1-2: Fly out, F7 (Flyball, 78D, EV 105.0 MPH) Runner from 3rd tags up, SCORES, no throw by LF
|
Batting: RHB Hildo Pot
|
0-0: Called Strike 0-1: Ball 1-1: Ball 2-1: Ball 3-1: Fielders Choice at 2nd, 5-4 (Groundball, 56, EV 90.6 MPH)
|
Bottom of the 3rd over - 1 run, 2 hits, 0 errors, 1 left on base; Cincinnati 1 - Minnesota 1 |
TOP OF THE 4TH |
Cincinnati Reds batting - Pitching for Minnesota Twins : LHP Adam Wood
|
Batting: SHB Saulo Maina
|
0-0: Ball 1-0: Ground out 6-3 (Groundball, 56, EV 88.1 MPH)
|
Batting: RHB Fred Slade
|
0-0: Foul Ball, location: 2F 0-1: Ball 1-1: Ball 2-1: Fly out, F7 (Line Drive, 7, EV 99.4 MPH)
|
Batting: LHB Jon Ledesma
|
0-0: Ball 1-0: Called Strike 1-1: Fly out, F8 (Line Drive, 8RD, EV 90.6 MPH)
|
Top of the 4th over - 0 runs, 0 hits, 0 errors, 0 left on base; Cincinnati 1 - Minnesota 1 |
BOTTOM OF THE 4TH |
Minnesota Twins batting - Pitching for Cincinnati Reds : LHP Dave Rivera
|
Batting: RHB Danny Miramontes
|
0-0: Ball 1-0: Swinging Strike 1-1: Ball 2-1: Ground out U3 (Groundball, 3S, EV 82.5 MPH)
|
Batting: RHB Matthew Starr
|
0-0: Called Strike 0-1: Fly out, F8 (Flyball, 8LD, EV 100.6 MPH)
|
Batting: RHB José Molina
|
0-0: Ball 1-0: Ball 2-0: Ball 3-0: Base on Balls
|
Batting: RHB Väinö Tapaninen
|
0-0: Called Strike 0-1: Swinging Strike 0-2: Foul Ball, location: 2F 0-2: Foul Ball, location: 2F 0-2: Ball 1-2: Foul Ball, location: 2F 1-2: Fly out, F6 (Line Drive, 6, EV 70.6 MPH)
|
Bottom of the 4th over - 0 runs, 0 hits, 0 errors, 1 left on base; Cincinnati 1 - Minnesota 1 |
TOP OF THE 5TH |
Cincinnati Reds batting - Pitching for Minnesota Twins : LHP Adam Wood
|
Batting: RHB Joseph Kirchmann
|
0-0: Ball 1-0: Swinging Strike 1-1: Ground out 6-3 (Groundball, 56, EV 108.1 MPH)
|
Batting: RHB Omar Quintana
|
0-0: Called Strike 0-1: Ball 1-1: Called Strike 1-2: Foul Ball, location: 2F 1-2: SINGLE (Groundball, 56D, EV 98.1 MPH)
|
Batting: LHB Satoru Handa
|
0-0: Called Strike 0-1: Grounds into double play, 4-6-3 (Groundball, 4, EV 88.1 MPH)
|
Top of the 5th over - 0 runs, 1 hit, 0 errors, 0 left on base; Cincinnati 1 - Minnesota 1 |
BOTTOM OF THE 5TH |
Minnesota Twins batting - Pitching for Cincinnati Reds : LHP Dave Rivera
|
Batting: RHB Mike Quackenbush
|
0-0: Called Strike 0-1: Ball 1-1: Ball 2-1: Ball 3-1: Called Strike 3-2: Strikes out swinging
|
Batting: RHB Yonetoshi Muranaka
|
0-0: Swinging Strike 0-1: Called Strike 0-2: Strikes out swinging
|
Batting: RHB Jesse Scott
|
0-0: Ball 1-0: Ball 2-0: Foul Ball, location: 2F 2-1: Swinging Strike 2-2: Ball 3-2: Strikes out swinging
|
Bottom of the 5th over - 0 runs, 0 hits, 0 errors, 0 left on base; Cincinnati 1 - Minnesota 1 |
TOP OF THE 6TH |
Cincinnati Reds batting - Pitching for Minnesota Twins : LHP Adam Wood
|
Batting: RHB Willie Lazcano
|
0-0: Called Strike 0-1: SOLO HOME RUN (Flyball, 9D, EV 100.6 MPH), Distance : 397 ft
|
Batting: LHB Sean Geisler
|
0-0: Called Strike 0-1: Ball 1-1: Foul Ball, location: 2F 1-2: Strikes out swinging
|
Batting: RHB Bruno André
|
0-0: Ball 1-0: Ball 2-0: Called Strike 2-1: Ground out 4-3 (Groundball, 4M, EV 105.0 MPH)
|
Batting: SHB Saulo Maina
|
0-0: SINGLE (Groundball, 56S, EV 68.1 MPH) (infield hit)
|
Batting: RHB Fred Slade
|
0-0: Ball 1-0: Ball 2-0: Called Strike 2-1: Ball 3-1: SINGLE (Groundball, 4M, EV 108.1 MPH) Saulo Maina to second Runner from 2nd tries for 3rd, SAFE, throw by CF made to third
|
Batting: LHB Jon Ledesma
|
0-0: Ball 1-0: Foul Ball, location: 2F 1-1: Ball 2-1: Fly out, F5 (Popup, 5SF, EV 73.1 MPH)
|
Top of the 6th over - 1 run, 3 hits, 0 errors, 2 left on base; Cincinnati 2 - Minnesota 1 |
BOTTOM OF THE 6TH |
Minnesota Twins batting - Pitching for Cincinnati Reds : LHP Dave Rivera
|
Batting: LHB Joel Kunkler
|
0-0: Ground out U3 (Groundball, 34S, EV 85.0 MPH)
|
Batting: RHB Hildo Pot
|
0-0: Foul Ball, location: 2F 0-1: Fly out, F4 (Popup, 4MD, EV 59.4 MPH)
|
Batting: RHB Danny Miramontes
|
0-0: Fly out, F7 (Flyball, 78D, EV 91.2 MPH)
|
Bottom of the 6th over - 0 runs, 0 hits, 0 errors, 0 left on base; Cincinnati 2 - Minnesota 1 |
TOP OF THE 7TH |
Cincinnati Reds batting - Pitching for Minnesota Twins : LHP Adam Wood
|
Batting: RHB Joseph Kirchmann
|
0-0: Ball 1-0: Ball 2-0: Ground out 4-3 (Groundball, 4, EV 76.2 MPH)
|
Batting: RHB Omar Quintana
|
0-0: Called Strike 0-1: Ball 1-1: Foul Ball, location: 2F 1-2: Strikes out swinging
|
Batting: LHB Satoru Handa
|
0-0: Called Strike 0-1: Ball 1-1: DOUBLE (Line Drive, 78D, EV 103.1 MPH)
|
Batting: RHB Willie Lazcano
|
0-0: Ball 1-0: Ground out 4-3 (Groundball, 4MD, EV 88.8 MPH)
|
Top of the 7th over - 0 runs, 1 hit, 0 errors, 1 left on base; Cincinnati 2 - Minnesota 1 |
BOTTOM OF THE 7TH |
Minnesota Twins batting - Pitching for Cincinnati Reds : LHP Dave Rivera
|
Batting: RHB Matthew Starr
|
0-0: Ball 1-0: Foul Ball, location: 2F 1-1: Foul Ball, location: 2F 1-2: Foul Ball, location: 2F 1-2: Ball 2-2: DOUBLE (Line Drive, 89D, EV 103.8 MPH)
|
Batting: RHB José Molina
|
0-0: Ball 1-0: Called Strike 1-1: Ground out 3-1 (Groundball, 34S, EV 88.8 MPH) Matthew Starr to third
|
Batting: RHB Väinö Tapaninen
|
0-0: Called Strike 0-1: Swinging Strike 0-2: Ball 1-2: Fly out, F9 (Flyball, 89S, EV 87.5 MPH)
|
Pitching: RHP Ragnar Alqvist
|
|
Batting: RHB Mike Quackenbush
|
0-0: Foul Ball, location: 2F 0-1: SINGLE (Line Drive, 6MD, EV 108.1 MPH) Matthew Starr scores
|
Batting: RHB Yonetoshi Muranaka
|
0-0: DOUBLE (Groundball, 5L, EV 109.4 MPH) Mike Quackenbush to third Runner from 3rd tries for Home, SAFE, throw by LF to trailing runner, SAFE at third!
|
Batting: RHB Jesse Scott
|
0-0: Foul Ball, location: 2F 0-1: Ball 1-1: 2-RUN HOME RUN (Flyball, 7LD, EV 93.8 MPH), Distance : 361 ft
|
Pitching: LHP William Lobo
|
|
Batting: LHB Joel Kunkler
|
0-0: Ball 1-0: Called Strike 1-1: DOUBLE (Flyball, 8RXD, EV 95.0 MPH)
|
Batting: RHB Hildo Pot
|
0-0: Swinging Strike 0-1: SINGLE (Groundball, 13S, EV 65.6 MPH) (infield hit) Joel Kunkler to third
|
Batting: RHB Danny Miramontes
|
0-0: Ball 1-0: Called Strike 1-1: Ball 2-1: Ball 3-1: Foul Ball, location: 2F 3-2: Foul Ball, location: 2F 3-2: Ground out 6-3 (Groundball, 6, EV 96.9 MPH)
|
Bottom of the 7th over - 4 runs, 6 hits, 0 errors, 2 left on base; Cincinnati 2 - Minnesota 5 |
TOP OF THE 8TH |
Cincinnati Reds batting - Pitching for Minnesota Twins : LHP Adam Wood
|
Batting: LHB Sean Geisler
|
0-0: Ball 1-0: Ball 2-0: Ball 3-0: Base on Balls
|
Batting: RHB Bruno André
|
0-0: Ball 1-0: Swinging Strike 1-1: Ball 2-1: Swinging Strike 2-2: SINGLE (Groundball, 56D, EV 98.8 MPH) Sean Geisler to second
|
Pitching: RHP Bill Rondeau
|
|
Batting: SHB Saulo Maina
|
0-0: Fly out, F7 (Flyball, 7LS, EV 92.5 MPH)
|
Batting: RHB Fred Slade
|
0-0: Called Strike 0-1: TRIPLE (Flyball, 8RXD, EV 111.2 MPH) Sean Geisler scores Bruno André scores
|
Batting: LHB Jon Ledesma
|
0-0: Ground out 4-3 (Groundball, 4S, EV 69.4 MPH)
|
Batting: RHB Joseph Kirchmann
|
0-0: Ball 1-0: Ball 2-0: SINGLE (Line Drive, 56, EV 96.2 MPH) Fred Slade scores
|
Batting: RHB Omar Quintana
|
0-0: Called Strike 0-1: Ball 1-1: Ball Joseph Kirchmann is caught stealing 2nd base 2-4
|
Top of the 8th over - 3 runs, 3 hits, 0 errors, 0 left on base; Cincinnati 5 - Minnesota 5 |
BOTTOM OF THE 8TH |
Minnesota Twins batting - Pitching for Cincinnati Reds : LHP William Lobo
|
Batting: RHB Matthew Starr
|
0-0: Called Strike 0-1: Foul Ball, location: 2F 0-2: Foul Ball, location: 2F 0-2: Ball 1-2: SINGLE (Line Drive, 3D, EV 106.2 MPH)
|
Batting: RHB José Molina
|
0-0: Called Strike 0-1: Ball 1-1: Called Strike 1-2: Fielders Choice at 2nd, 5-4 (Groundball, 56S, EV 92.5 MPH)
|
Batting: RHB Väinö Tapaninen
|
0-0: Ball 1-0: Ball 2-0: Called Strike 2-1: Ball 3-1: Ground out 5-3 (Groundball, 5S, EV 86.2 MPH) José Molina to second
|
Batting: RHB Mike Quackenbush
|
0-0: Called Strike 0-1: SINGLE (Line Drive, 34D, EV 98.1 MPH) José Molina to third Runner from 3rd tries for Home, SAFE, throw by RF to home
|
Batting: RHB Yonetoshi Muranaka
|
0-0: Ball 1-0: Called Strike 1-1: Ball Mike Quackenbush steals 2nd base 2-1: Swinging Strike 2-2: Foul Ball, location: 2F 2-2: Ground out 4-3 (Groundball, 4M, EV 88.1 MPH)
|
Bottom of the 8th over - 1 run, 2 hits, 0 errors, 1 left on base; Cincinnati 5 - Minnesota 6 |
TOP OF THE 9TH |
Cincinnati Reds batting - Pitching for Minnesota Twins : RHP Bill Rondeau
|
Now at 1B: Yonetoshi Muranaka
|
|
Now at 2B: Tony Rivera
|
|
Batting: RHB Omar Quintana
|
0-0: Called Strike 0-1: Ball 1-1: Swinging Strike 1-2: Ground out 6-3 (Groundball, 6, EV 90.0 MPH)
|
Batting: LHB Satoru Handa
|
0-0: Ground out 6-3 (Groundball, 56D, EV 99.4 MPH)
|
Pinch Hitting: LHB Jesus Lozano
|
0-0: Ball 1-0: SINGLE (Groundball, 4MD, EV 107.5 MPH)
|
Batting: LHB Sean Geisler
|
0-0: Ball Jesus Lozano is caught stealing 2nd base 2-6
|
Top of the 9th over - 0 runs, 1 hit, 0 errors, 0 left on base; Cincinnati 5 - Minnesota 6 |
|